 Dungeon Crawl Stone Soup version 0.17.1-2-g5865329 (console) character file.

36012 Cab the Bludgeoner (level 13, -2/102 HPs)
             Began as a Deep Dwarf Fighter on Jan 16, 2016.
             Was the Champion of Makhleb.
             Shot with a poisoned arrow by Nessos (15 damage)
             ... on level 8 of the Lair of Beasts.
             The game lasted 01:28:57 (16568 turns).

Cab the Bludgeoner (Deep Dwarf Fighter)            Turns: 16568, Time: 01:28:57

Health: -2/102     AC: 15    Str: 25    XL:     13   Next: 50%
Magic:  13/13      EV:  6    Int:  9    God:    Makhleb [******]
Gold:   497        SH: 11    Dex: 12    Spells: 0 memorised, 12 levels left

rFire  . . .     SeeInvis .     O - +6 eveningstar (crush)
rCold  + . .     Clarity  .     n - +0 shadow dragon armour
rNeg   . . .     SustAt   .     c - +0 shield
rPois  .         Gourm    .     (no helmet)
rElec  .         Spirit   .     K - +1 cloak
rCorr  .         Warding  .     (no gloves)
rMut   .         Stasis   .     z - +0 pair of boots
MR     +....                    L - amulet of faith
Stlth  ++........               J - +1 ring of protection
                                x - ring of protection from cold

@: lethally poisoned (-2 -> -58), very slightly contaminated, non-regenerating,
hasted, very quick, somewhat resistant to hostile enchantments, unstealthy
A: damage resistance, recharge devices, sense surroundings 2, slow regeneration
3
a: Device Recharging, Minor Destruction, Lesser Servant of Makhleb, Major
Destruction, Greater Servant of Makhleb, Renounce Religion


You were on level 8 of the Lair of Beasts.
You worshipped Makhleb.
Makhleb was exalted by your worship.
You were not hungry.

You visited 3 branches of the dungeon, and saw 18 of its levels.
You also visited: Labyrinth and Sewer.

You collected 827 gold pieces.
You spent 330 gold pieces at shops.

Inventory:

Hand Weapons
 O - a +6 eveningstar of crushing (weapon)
Armour
 c - a +0 shield (worn)
 n - a +0 shadow dragon armour (worn)
 z - a +0 pair of boots (worn)
 K - a +1 cloak (worn)
Jewellery
 h - an uncursed ring of sustain attributes
 o - an uncursed amulet of stasis
 x - a ring of protection from cold (left hand)
 E - an uncursed ring of flight
 J - a +1 ring of protection (right hand)
 L - an amulet of faith (around neck)
 R - an uncursed ring of see invisible
Wands
 a - a wand of cold (8)
 e - a wand of heal wounds (2)
 l - a wand of flame (40)
 p - a wand of random effects (18)
 y - a wand of draining (4)
 B - a wand of flame (25)
 I - a wand of hasting (0)
 N - a wand of fireball (4)
 P - a wand of disintegration (16)
Scrolls
 g - 2 scrolls of immolation
 j - 2 scrolls of fog
 k - 10 scrolls of remove curse
 m - 6 scrolls of fear
 q - 8 scrolls of identify
 r - 7 scrolls of teleportation
 D - 5 scrolls of enchant armour
 H - 2 scrolls of blinking
 Q - a scroll of amnesia
Potions
 d - 3 potions of might
 i - a potion of lignification {unknown}
 s - 2 potions of heal wounds
 t - 5 potions of haste
 u - 3 potions of curing
 v - 5 potions of flight
 w - a potion of cure mutation
Books
 b - a book of Death

   Spells                             Type                      Level
   a - Corpse Rot                     Necromancy                   2
   b - Sublimation of Blood           Necromancy                   2
   c - Agony                          Necromancy                   5
   d - Dispel Undead                  Necromancy                   5
   e - Excruciating Wounds            Charms/Necromancy            5
   f - Bolt of Draining               Conjuration/Necromancy       5
Comestibles
 f - 9 bread rations
 G - 3 meat rations


   Skills:
 - Level 2.6 Fighting
 * Level 20.4 Maces & Flails
 - Level 3.2 Armour
 + Level 8.3 Shields
 + Level 0.6 Invocations


You had 12 spell levels left.
You didn't know any spells.

Dungeon Overview and Level Annotations

Branches:
Dungeon (9/15)             Temple (1/1) D:6            Lair (8/8) D:8
 Shoals (0/4) Lair:5        Snake (0/4) Lair:4        Slime (0/6) Lair:6
    Orc: D:9-12

Altars:
Ashenzari
Fedhas
Gozag
Kikubaaqudgha
Makhleb
Nemelex Xobeh
Okawaru
Qazlal
Sif Muna
Trog
Vehumet
Xom
Yredelemnul
Zin

Shops:
D:5 !   D:7 (*%%%   D:8 !   D:9 =

Annotations:
D:8 exclusion: ice statue
Lair:8 Nessos


Innate Abilities, Weirdness & Mutations

You are resistant to damage.
You can recharge devices by infusing magical energy.
You passively map the area around you.
You do not regenerate naturally.


Message History

The poisoned arrow burns you.
You are more poisoned.
What do you say? t - Shout!
Orders for allies: a - Attack new target. r - Retreat! s - Stop attacking. w - Wait here. f - Follow me.
Anything else - Stay silent.
Gang up on whom?
Press: ? - help, Dir - move target cursor, f - Nessos
Aim: Nessos, wielding a longbow of flaming and wearing a glowing centaur barding (fast) Attack!
You feel very sick.
Nessos shoots a poisoned arrow.
The poisoned arrow hits you!!
* * * LOW HITPOINT WARNING * * *
The poisoned arrow burns you!
* * * LOW HITPOINT WARNING * * *
You are more poisoned.
Nessos shoots a poisoned arrow.
The poisoned arrow hits you!
You die...

░
≈≈∙∙∙∙P∙≈≈≈≈≈≈≈≈≈≈≈≈▒░░
·· ≈
∙∙∙∙P∙≈≈≈≈∙≈≈≈≈∙P▒▒ · ≈
≈ ≈∙∙∙P≈≈≈≈≈≈<(≈≈≈≈∙≈▒░
· · ·
P∙∙≈≈≈≈≈(≈≈≈≈∙∙∙∙░ · ··
·∙∙∙≈≈≈≈≈≈≈≈≈%∙∙∙ ·
·∙▒∙∙≈≈≈≈≈≈≈∙∙∙∙∙ ░··
▒∙∙≈≈≈≈≈≈≈∙▒▒∙∙ ░ ·· ░
▒∙≈(∙2≈∙c∙∙∙∙░∙░ · ·
▒▒▒@(∙∙≈≈∙∙▒∙∙ · · ·
▒▒▒▒▒≈▒≈▒▒▒∙ · · · ░
▒▒▒▒ ░ · · ░ ·· · · ···
░ ░ · ░░ ░


You could see Nessos and a friendly balrug.

Vanquished Creatures
  A minotaur (Lab)
  Erolcha (D:8)
  5 hydras
  Pikel (D:8)
  A griffon (Lair:5)
  10 black mambas
  5 elephants
  A siren (Lair:5)
  8 fire drakes (Lair:5)
  6 spiny frogs
  6 komodo dragons
  Prince Ribbit (Lair:2)
  8 blink frogs
  A boulder beetle (Lair:5)
  A spriggan (Lair:4)
  The ghost of Metrazal the Ducker, an amateur SpAs (D:5)
  7 basilisks
  8 wyverns (Lair:5)
  9 hippogriffs
  33 yaks
  16 wolves
  11 porcupines
  7 water moccasins
  Duvessa (D:7)
  A black bear (D:8)
  2 slaves (D:8)
  2 orc warriors (D:7)
  An ice beast (D:3)
  A phantom (D:8)
  5 sky beasts
  2 ogres
  A wasp (D:8)
  12 crocodiles
  A brain worm (Lair:4)
  2 big kobolds
  14 giant frogs
  6 killer bees (D:8)
  A scorpion (D:8)
  Dowan (D:7)
  3 wights (D:7)
  2 crimson imps (D:5)
  A giant frog zombie (D:8)
  3 hounds
  Crazy Yiuf (D:7)
  Ijyb (D:2)
  A giant frog skeleton (D:5)
  18 jellies
  An orc priest (D:4)
  Jessica (D:2)
  Terence (D:2)
  7 iguanas
  2 orc wizards
  9 worker ants
  A killer bee zombie (D:8)
  15 sheep
  A hound zombie (D:5)
  3 hound skeletons
  12 adders
  67 river rats
  12 white imps (Lair:7)
  3 oozes
  3 adder skeletons
  9 worms
  2 giant geckos
  12 orcs
  4 bats
  7 goblins
  9 hobgoblins
  A jackal (Sewer)
  12 kobolds
  3 quokkas
  3 ball pythons
  5 giant cockroaches
  A giant gecko skeleton (D:8)
  3 giant newts
  A jackal skeleton (D:5)
  A quokka skeleton (D:7)
  18 rats
460 creatures vanquished.

Vanquished Creatures (others)
  A slave (D:8)
  A quokka (D:8)
  6 fungi
  3 plants (Lair:5)
11 creatures vanquished.

Grand Total: 471 creatures vanquished

Notes
Turn   | Place    | Note
--------------------------------------------------------------
     0 | D:1      | Cab the Deep Dwarf Fighter began the quest for the Orb.
     0 | D:1      | Reached XP level 1. HP: 20/20 MP: 1/1
   176 | D:1      | Reached XP level 2. HP: 24/27 MP: 2/2
   524 | D:2      | Noticed Ijyb
   553 | D:2      | Killed Ijyb
   553 | D:2      | Reached skill level 4 in Maces & Flails
   553 | D:2      | Reached XP level 3. HP: 25/33 MP: 3/3
   584 | D:2      | Noticed Jessica
   594 | D:2      | Killed Jessica
   594 | D:2      | Reached XP level 4. HP: 29/40 MP: 4/4
   768 | D:2      | Noticed Terence
   821 | D:2      | Killed Terence
   821 | D:2      | Reached skill level 5 in Maces & Flails
   828 | D:2      | Reached XP level 5. HP: 42/46 MP: 5/5
  1417 | D:3      | Noticed an ice beast
  1428 | D:3      | Killed an ice beast
  1428 | D:3      | Reached skill level 6 in Maces & Flails
  1487 | D:3      | Found an ancient bone altar of Kikubaaqudgha.
  1559 | D:3      | Reached XP level 6. HP: 37/55 MP: 6/6
  1922 | D:4      | Reached skill level 7 in Maces & Flails
  2261 | D:4      | Found a blossoming altar of Fedhas.
  2315 | D:5      | Entered Level 5 of the Dungeon
  2336 | D:5      | Noticed Metrazal's ghost (amateur SpAs)
  2378 | D:5      | Killed Metrazal's ghost
  2378 | D:5      | Reached skill level 8 in Maces & Flails
  2378 | D:5      | Reached XP level 7. HP: 22/61 MP: 7/7
  2462 | D:5      | Found a radiant altar of Vehumet.
  2493 | D:5      | Found Ijiap's Distillery.
  2496 | D:5      | Bought a potion of haste for 100 gold pieces
  2496 | D:5      | Bought a potion of poison for 10 gold pieces
  2522 | D:5      | Found a stormy altar of Qazlal.
  2632 | D:5      | Found a glowing drain.
  2641 | Sewer    | Entered a sewer
  2762 | Sewer    | Found a white marble altar of Elyvilon.
  2953 | D:5      | Found a shattered altar of Ashenzari.
  2968 | D:5      | Reached skill level 9 in Maces & Flails
  3287 | D:6      | Found a staircase to the Ecumenical Temple.
  3294 | Temple   | Entered the Ecumenical Temple
  3410 | Temple   | Became a worshipper of Makhleb the Destroyer
  3590 | D:6      | Reached XP level 8. HP: 31/68 MP: 8/8
  3790 | D:7      | Found a sparkling altar of Nemelex Xobeh.
  3830 | D:7      | Found Duacek's Food Shop.
  3956 | D:7      | Noticed a moth of wrath
  3959 | D:7      | Reached skill level 10 in Maces & Flails
  4019 | D:7      | Found Daewufum's Weapon Emporium.
  4046 | D:7      | Noticed Duvessa
  4047 | D:7      | Noticed Dowan
  4048 | D:7      | Found a bloodstained altar of Trog.
  4069 | D:7      | Killed Dowan
  4093 | D:7      | Killed Duvessa
  4149 | D:7      | Reached * piety under Makhleb
  4213 | D:7      | Found Zudaalos's General Store.
  4218 | D:7      | Bought a scroll of enchant armour for 97 gold pieces
  4218 | D:7      | Bought a scroll of recharging for 123 gold pieces
  4447 | D:7      | Found Geah's Food Shoppe.
  4469 | D:7      | Reached skill level 11 in Maces & Flails
  4771 | D:7      | Found Hossecs's Food Shop.
  4911 | D:7      | Noticed Crazy Yiuf
  4922 | D:7      | Killed Crazy Yiuf
  4922 | D:7      | Gained mutation: You passively map the area around you. [Deep Dwarf growth]
  4922 | D:7      | Reached XP level 9. HP: 53/74 MP: 9/9
  5057 | D:8      | Found Otout's Distillery.
  5059 | D:8      | Noticed Pikel
  5148 | D:8      | Reached ** piety under Makhleb
  5190 | D:8      | Reached skill level 12 in Maces & Flails
  5249 | D:8      | Noticed an elephant
  5275 | D:8      | Killed an elephant
  5289 | D:8      | Reached skill level 13 in Maces & Flails
  5373 | D:8      | Found a staircase to the Lair.
  5472 | D:8      | Killed Pikel
  5472 | D:8      | Reached XP level 10. HP: 33/81 MP: 10/10
  5520 | D:8      | Reached *** piety under Makhleb
  5520 | D:8      | Reached skill level 14 in Maces & Flails
  5588 | D:8      | Noticed Erolcha
  5611 | D:8      | Killed Erolcha
  5651 | D:8      | Noticed an ice statue
  5744 | D:8      | Found a deep blue altar of Sif Muna.
  6167 | D:9      | Found Cyinohen's Jewellery Shoppe.
  6167 | D:9      | Found an opulent altar of Gozag.
  6222 | Lair:1   | Entered Level 1 of the Lair of Beasts
  6352 | Lair:1   | Reached skill level 15 in Maces & Flails
  6454 | Lair:1   | Reached **** piety under Makhleb
  6630 | Lair:1   | Noticed a black mamba
  6646 | Lair:1   | Killed a black mamba
  6740 | Lair:1   | Reached skill level 16 in Maces & Flails
  6747 | Lair:1   | Reached XP level 11. HP: 35/88 MP: 11/11
  6918 | Lair:1   | Identified a scroll of acquirement
  7388 | Lair:2   | Reached ***** piety under Makhleb
  7567 | Lair:2   | Noticed Prince Ribbit
  7592 | Lair:2   | Killed Prince Ribbit
  7625 | Lair:2   | Reached skill level 17 in Maces & Flails
  8311 | Lair:3   | Reached ****** piety under Makhleb
  8523 | Lair:3   | Reached skill level 18 in Maces & Flails
  8523 | Lair:3   | Reached XP level 12. HP: 96/96 MP: 12/12
  8693 | Lair:3   | Reached skill level 5 in Shields
  9103 | Lair:4   | Found a staircase to the Snake Pit.
  9363 | Lair:4   | Noticed a six-headed hydra
  9391 | Lair:4   | Killed a six-headed hydra
 10070 | Lair:5   | Noticed a four-headed hydra
 10077 | Lair:5   | Killed a four-headed hydra
 10107 | Lair:5   | Reached skill level 19 in Maces & Flails
 10407 | Lair:5   | Reached XP level 13. HP: 78/102 MP: 13/13
 10517 | Lair:5   | Found a staircase to the Shoals.
 11036 | Lair:6   | Found a radiant altar of Vehumet.
 11243 | Lair:6   | Found a staircase to the Slime Pits.
 11345 | Lair:6   | Reached skill level 20 in Maces & Flails
 11805 | Lair:7   | Found a frozen archway.
 11959 | Lair:7   | Found a labyrinth entrance.
 11966 | Lab      | Entered a labyrinth
 15848 | Lab      | Got a distressingly furry scale mail
 15849 | Lab      | Identified the +1 scale mail of Indemnity {Regen+ MP+9} (You found it in a labyrinth)
 16540 | Lair:8   | Entered Level 8 of the Lair of Beasts
 16540 | Lair:8   | Noticed Nessos
 16568 | Lair:8   | Shot with a poisoned arrow by Nessos

Action                   |  1- 3 |  4- 6 |  7- 9 | 10-12 | 13-15 || total
-------------------------+-------+-------+-------+-------+-------++-------
Melee: Flail             |    97 |   287 |   531 |   295 |       ||  1210
       Eveningstar       |       |       |       |   543 |   256 ||   799
Invok: Lesser Servant of |       |       |       |       |     1 ||     1
       Greater Servant o |       |       |       |       |     1 ||     1
Evoke: Wand              |       |     4 |    15 |    11 |     1 ||    31
  Use: Scroll            |     3 |     4 |     7 |    13 |     5 ||    32
       Potion            |       |     4 |     1 |    12 |     2 ||    19
 Stab: Invisible         |       |     8 |       |       |       ||     8
       Sleeping          |       |     4 |    13 |    10 |     4 ||    31
       Distracted        |       |       |       |     1 |     2 ||     3
  Eat: Chunk             |       |     3 |     4 |    15 |     4 ||    26
       Pizza             |       |     1 |       |     1 |     1 ||     3
       Fruit             |       |       |     9 |     4 |       ||    13
       Meat ration       |       |       |       |       |     2 ||     2
       Beef jerky        |       |       |       |       |     2 ||     2
       Royal jelly       |       |       |       |       |     1 ||     1
